 Dungeon Crawl Stone Soup version 0.31.0-4-g52a2dc7128 (webtiles) character file.

Game seed: 4154447695415469906

10 Xavori the Trooper (level 2, 0/25 HPs)
             Began as a Djinni Chaos Knight on Jan 22, 2024.
             Was a Plaything of Xom.
             Slain by a hobgoblin (2 damage)
             ... on level 1 of the Dungeon.
             The game lasted 00:00:24 (97 turns).

Xavori the Trooper (Djinni Chaos Knight)              Turns: 97, Time: 00:00:24

Health: 0/25       AC:  5    Str: 11    XL:     2   Next: 30%
Gold:   0          EV: 11    Int: 13    God:    Xom [*.....] SH:  0 Dex: 12

rFire   + + .        a - +0 falchion (chaos)
rCold   x . .        (no shield)
rNeg    . . .        b - +2 leather armour
rPois   ∞            (no helmet)
rElec   .            (no cloak)
rCorr   .            (no gloves)
SInv    .            (boots unavailable)
Will    .....        (no amulet)
Stlth   +            (no ring)
HPRegen 0.24/turn    (no ring)
MPRegen 0.00/turn

%: infuse magic (-1 HP)
@: flying
A: sickness immunity, fire resistance 2, cold vulnerability 1, float, innate
caster, HP casting, extra vitality 1
a: Renounce Religion


You were on level 1 of the Dungeon.
You worshipped Xom.
You were a special plaything of Xom.
You visited 1 branch of the dungeon, and saw 1 of its levels.

Inventory:

Hand Weapons
 a - a +0 falchion of chaos (weapon)
Armour
 b - a +2 leather armour (worn)
Scrolls
 c - a scroll of butterflies
 d - a scroll of fog {unknown}


   Skills:
 + Level 3.1 Fighting
 + Level 2.8 Long Blades
 + Level 1.1 Armour
 + Level 2.3 Dodging
 * Level 0.1 Spellcasting
 * Level 0.1 Conjurations
 * Level 0.1 Hexes
 * Level 0.1 Summonings
 * Level 0.1 Necromancy
 * Level 0.1 Translocations
 * Level 0.1 Fire Magic
 * Level 0.1 Ice Magic
 * Level 0.1 Air Magic
 * Level 0.1 Earth Magic
 * Level 0.1 Alchemy You didn't know any spells. Your spell library was empty.

Dungeon Overview and Level Annotations

Branches:
Dungeon (1/15)

Altars:


Innate Abilities, Weirdness & Mutations

You are immune to sickness and miasma.
You are immune to poison.
Your flesh is very heat resistant. (rF++)
You are vulnerable to cold. (rC-)
You float through the air rather than walking.
You learn spells naturally, not from books.
Your magical power is your life essence.
You have superior vitality. (+4 MHP)


Message History

You hit the ball python. You freeze the ball python.
You kill the ball python!
You closely miss the ball python. The ball python closely misses you.
The ball python misses you. The ball python closely misses you.
The ball python misses you.
You barely miss the ball python.
The ball python bites you but does no damage.
The ball python closely misses you.
You slash the ball python!
You kill the ball python!
The kobold hits you with a +0 club.
* * * LOW HITPOINT WARNING * * *
You closely miss the kobold. The kobold closely misses you.
You barely miss the kobold. The kobold hits you but does no damage.
You hit the kobold. You burn the kobold.
You kill the kobold!
You closely miss the hobgoblin.
Your butterfly disappears in a puff of smoke!
The hobgoblin closely misses you. x2
You hit the hobgoblin.
The hobgoblin is almost dead.
You hit the kobold. You freeze the kobold.
The kobold is severely wounded.
Your butterfly degenerates into a cloud of primal chaos!
The hobgoblin closely misses you. The kobold barely misses you.
You closely miss the kobold.
The kobold is severely wounded.
The kobold hits you with a +0 dagger.
* * * LOW HITPOINT WARNING * * *
The hobgoblin closely misses you.
Unknown command.
You barely miss the hobgoblin.
The hobgoblin is almost dead.
The kobold misses you. The hobgoblin closely misses you.
You hit the hobgoblin but do no damage.
The hobgoblin suddenly seems more resistant.
The hobgoblin is almost dead.
The kobold hits you but does no damage. The hobgoblin hits you.
You die... "Boring in life, boring in death..."

∆∆ ....##. ..# .....# #..
∆ #...##.# .....# #...#
##############...#
########.(...#........##.#
#.....##..8..#..##....# ..
#..<..##...g@#..gg..##.#
... #..#..#####K##.K....#
#.. ##
#..#..##...g.g.S..##.# ..#
#.....'........#..#∆#..
... ########......##..#
....... #.......#....
....## ###........... ...
#######...... #......


You could see a hobgoblin (resistant), a goblin and a kobold.

Vanquished Creatures
  3 hobgoblins (D:1)
  A quokka (D:1)
  4 ball pythons (D:1)
  A frilled lizard (D:1)
  A kobold (D:1)
10 creatures vanquished.

Notes
Turn   | Place    | Note
-------+----------+-------------------------------------------
     0 | D:1      | Xavori the Djinni Chaos Knight began the quest for the Orb.
     0 | D:1      | Reached XP level 1. HP: 20/20 MP: 0/0
    50 | D:1      | XOM: potion effect (heal wounds)
    64 | D:1      | XOM: silly message
    73 | D:1      | XOM: butterfly on damage
    79 | D:1      | XOM: divination: detect items
    80 | D:1      | HP: 1/20 [hobgoblin (4)]
    81 | D:1      | Reached XP level 2. HP: 1/25 MP: 0/0
    97 | D:1      | Slain by a hobgoblin

Illustrated notes

Levels and vault maps discovered:
D:1:      dpeg_arrival_rooms_b, layout_rooms, chequers_serial_rivers_micro_e,
          minmay_vboxes

Action                     || total
---------------------------++-------
  Melee: Falchion          ||    53
         Punch             ||     1
 Armour: Leather armour    ||    47
  Dodge: Dodged            ||    51
